 Dungeon Sprint DCSS version 0.29-a0-322-g68df515428 (webtiles) character file.

Game seed: 1944318356541520473

403 Conn the Arsonist (level 6, -4/39 HPs)
             Began as an Octopode Fire Elementalist on Apr 9, 2022.
             Was an Elder of Sif Muna.
             Slain by a polar bear (12 damage)
             ... in the Dungeon (Sprint VII: "The Pits").
             The game lasted 00:06:10 (481 turns).

Conn the Arsonist (Octopode Fire Elementalist)       Turns: 481, Time: 00:06:11

Health: -4/39      AC:  1    Str:  7    XL:     6   Next: 86%
Magic:  11/15      EV: 14    Int: 19    God:    Sif Muna [****..]
Gold:   0          SH:  0    Dex: 13    Spells: 4/17 levels left

rFire   . . .      SeeInvis .   k - +1 dagger (elec)
rCold   . . .      Faith    .   (no shield)
rNeg    . . .      Spirit   .   (helmet restricted)
rPois   .          Reflect  .   (no amulet)
rElec   .          Harm     .   (no ring)
rCorr   .          Rampage  .   (no ring)
Will    .....      NoTele   +   (no ring)
Stlth   +++++.....              (no ring)
HPRegen 0.13/turn               (no ring)
MPRegen 0.14/turn               (no ring)
                                (no ring)
                                (no ring)

@: no status effects
A: almost no armour, amphibious, 8 rings, camouflage 1, gelatinous body 1,
(nimble swimmer 1), tentacles
a: Renounce Religion, Channel Magic, Forget Spell, Divine Exegesis


You were in the Dungeon.
You worshipped Sif Muna.
Sif Muna was greatly pleased with you.
You visited 1 branch

Inventory:

Hand Weapons
 g - a +2 dagger
 k - a +1 dagger of electrocution (weapon)
Scrolls
 f - a scroll of blinking
 i - 5 scrolls of amnesia
Potions
 a - 5 potions of magic
 b - 6 potions of curing
 c - 5 potions of heal wounds
 d - a potion of haste
 e - 3 potions of berserk rage
 h - 2 potions of invisibility


   Skills:
 + Level 1.7 Fighting
 + Level 1.7 Short Blades
 + Level 4.4 Dodging
 + Level 7.5 Stealth
 + Level 6.3 Spellcasting
 + Level 3.5 Conjurations
 + Level 10.3 Fire Magic


You had 4 spell levels left.
You knew the following spells:

 Your Spells              Type           Power      Damage    Failure   Level
a - Foxfire               Conj/Fire      100%       2x1d9     1%          1
b - Conjure Flame         Conj/Fire      32%        6-21      1%          3
c - Inner Flame           Hex/Fire       25%        N/A       3%          3
d - Flame Wave            Conj/Fire      32%        2d8       6%          4
e - Scorch                Fire           90%        2d10      1%          2

Your spell library contained the following spells:

 Spells                   Type           Power      Damage    Failure   Level


Dungeon Overview and Level Annotations

Branches:
Dungeon (1/1)

Altars:
Ashenzari
Cheibriados
Dithmenos
Elyvilon
Fedhas
Gozag
Hepliaklqana
Kikubaaqudgha
Makhleb
Nemelex Xobeh
Okawaru
Qazlal
Ru
Sif Muna
Trog
Uskayaw
Vehumet
Wu Jian
Xom
Yredelemnul
Zin
The Shining One
Beogh
Jiyva
Lugonu


Innate Abilities, Weirdness & Mutations

You cannot wear most types of armour.
You are amphibious.
You can wear up to eight rings at the same time.
Your skin changes colour to match your surroundings (Stealth+).
Your rubbery body absorbs attacks. (AC +1, EV +1)
((You are camouflaged when in or above water. (Stealth+)))
You have tentacles for arms and can constrict up to eight enemies at once.


Message History

Magic restored.
You start resting.
HP restored.
You already know all available spells.
Unknown command.
Unknown command.
You open the door.
A quasit comes into view.
There is an open door here.
The helpless quasit fails to defend itself.
You impale the quasit!! Lightning courses through the quasit!
You kill the quasit!
Sif Muna accepts your kill.
You can now call upon Sif Muna to cast any spell from your library.
You already know all available spells.
Unknown command.
Unknown command.
You open the door.
A polar bear comes into view.
There is an open door here.
The helpless polar bear fails to defend itself.
You impale the polar bear!!
The polar bear is severely wounded.
The polar bear bites you. The polar bear barely misses you.
The polar bear claws you.
Casting: Flame Wave (quite dangerous; 6% risk of failure)
Confirm with . or Enter, or press ? or * to list all spells.
Flames lash the polar bear.
The polar bear is almost dead.
The polar bear's fire resistance burns away.
The polar bear goes berserk!
Casting: Scorch (safe; 1% risk of failure)
Confirm with . or Enter, or press ? or * to list all spells.
Flames lash the polar bear.
The polar bear is burned terribly!
The polar bear is almost dead.
The polar bear bites you!! The polar bear barely misses you.
The polar bear claws you.
* * * LOW HITPOINT WARNING * * *
The polar bear bites you!
You die...

#.#.†'.)))[##.......#
#)#.)#.).)[##.......#
#'###########.......#
#.......# #########
#..#.#..# #.##.##.#
#.......#+#
#.##.##.#h+
#..#.#..#@#
#.......'.#
###########


You could see a polar bear (berserk, combustible).

Vanquished Creatures
  A floating eye (D)
  A wolf (D)
  A crimson imp (D)
  A quasit (D)
  An adder (D)
  2 orcs (D)
  3 giant cockroaches (D)
  A goblin (D)
  A ball python zombie (D)
  A rat (D)
13 creatures vanquished.

Vanquished Creatures (collateral kills)
  A black bear (D)
  A jelly (D)
  A river rat (D)
3 creatures vanquished.

Vanquished Creatures (others)
  16 foxfires (D)
16 creatures vanquished.

Grand Total: 32 creatures vanquished

Notes
Turn   | Place    | Note
-------+----------+-------------------------------------------
     0 | D        | Conn the Octopode Fire Elementalist began the quest for the
                  | Orb.
     0 | D        | Reached XP level 1. HP: 11/11 MP: 3/3
    77 | D        | Found a bloodstained altar of Trog.
    77 | D        | Found a shimmering blue altar of Sif Muna.
    77 | D        | Found a viscous altar of Jiyva.
    77 | D        | Found a hazy altar of Hepliaklqana.
    77 | D        | Found an opulent altar of Gozag.
    78 | D        | Found a glowing golden altar of the Shining One.
    78 | D        | Found a glowing silver altar of Zin.
    78 | D        | Found a basalt altar of Yredelemnul.
    78 | D        | Found a shimmering altar of Xom.
    78 | D        | Found an ornate altar of the Wu Jian Council.
    78 | D        | Found a sacrificial altar of Ru.
    78 | D        | Found a stormy altar of Qazlal.
    78 | D        | Found an iron altar of Okawaru.
    78 | D        | Found a sparkling altar of Nemelex Xobeh.
    78 | D        | Found a burning altar of Makhleb.
    78 | D        | Found a blossoming altar of Fedhas.
    78 | D        | Found a white marble altar of Elyvilon.
    78 | D        | Found a shadowy altar of Dithmenos.
    78 | D        | Found a snail-covered altar of Cheibriados.
    80 | D        | Found a corrupted altar of Lugonu.
    80 | D        | Found a radiant altar of Vehumet.
    81 | D        | Found an ancient bone altar of Kikubaaqudgha.
    81 | D        | Found a hide-covered altar of Uskayaw.
    81 | D        | Found a broken altar of Ashenzari.
    82 | D        | Became a worshipper of Sif Muna the Loreminder
    94 | D        | Noticed a floating eye
   101 | D        | Killed a floating eye
   102 | D        | Reached skill level 1 in Short Blades
   102 | D        | Reached skill level 5 in Stealth
   102 | D        | Reached skill level 7 in Fire Magic
   102 | D        | Reached XP level 2. HP: 17/17 MP: 0/7
   102 | D        | Reached XP level 3. HP: 21/21 MP: 0/8
   102 | D        | Reached XP level 4. HP: 27/27 MP: 0/10
   191 | D        | Reached * piety under Sif Muna
   199 | D        | Learned a level 3 spell: Conjure Flame
   203 | D        | Learned a level 3 spell: Inner Flame
   208 | D        | Learned a level 4 spell: Flame Wave
   212 | D        | Reached ** piety under Sif Muna
   213 | D        | Reached XP level 5. HP: 31/31 MP: 8/11
   273 | D        | Noticed a black bear
   273 | D        | Noticed a wolf
   280 | D        | Killed a wolf
   281 | D        | Reached skill level 5 in Spellcasting
   281 | D        | Reached skill level 8 in Fire Magic
   286 | D        | Reached *** piety under Sif Muna
   287 | D        | Reached skill level 1 in Fighting
   292 | D        | Reached skill level 9 in Fire Magic
   292 | D        | Reached XP level 6. HP: 16/38 MP: 2/14
   295 | D        | Killed a black bear
   299 | D        | Learned a level 2 spell: Scorch
   313 | D        | Reached skill level 10 in Fire Magic
   476 | D        | Reached **** piety under Sif Muna
   477 | D        | Noticed a polar bear
   481 | D        | Slain by a polar bear

Illustrated notes

Levels and vault maps discovered:
D:        pitsprint [storerooms_1, entrance_room_1, metal_vault_7, armoury_1,
          mini_pit_1, grid_room_1, main_hall_1, silver_pit, the_coven_2,
          the_vestibule_1, steel_vault_2, golden_pit, hallway_of_sentries,
          crystal_vault_1, iron_vault_4, final_vault]

Skill      XL: |  1  2  3  4  5  6 |
---------------+-------------------+-----
Short Blades   | 1 |  1.7
Dodging        | 3 4 |  4.4
Stealth        | 5 6 7 |  7.5
Spellcasting   | 4 5 6 |  6.3
Conjurations   | 2 3 |  3.5
Fire Magic     | 7 9 10 | 10.3
Fighting       | 1 |  1.7

Action                   |  1- 3 |  4- 6 || total
-------------------------+-------+-------++-------
Melee: Dagger            |     2 |     6 ||     8
       Constrict         |     2 |     1 ||     3
       Tentacles         |     1 |       ||     1
 Cast: Foxfire           |     5 |     4 ||     9
       Flame Wave        |       |     2 ||     2
       Scorch            |       |     2 ||     2
  Use: Scroll            |       |     1 ||     1
       Potion            |       |     1 ||     1
 Stab: Sleeping          |     1 |     3 ||     4
Dodge: Dodged            |       |     6 ||     6

Table legend: (Time is in decaauts)
 A = Elapsed time spent in this place.
 B = Non-inter-level travel time spent in this place.
 C = Inter-level travel time spent in this place.
 D = Time resting spent in this place.
 E = Time spent auto-exploring this place.
 F = Levels seen in this place.
 G = Mean time per level.
                   A        B        C        D        E       F      G
               +--------+--------+--------+--------+--------+-----+--------+
         Total |    479 |    479 |      0 |    128 |    129 |   1 |  479.0 |
       Dungeon |    479 |    479 |      0 |    128 |    129 |   1 |  479.0 |
               +--------+--------+--------+--------+--------+-----+--------+

Top non-repeatable levels by time:
       D: 479 daAuts
